 Dungeon Crawl Stone Soup version 0.28-a0-773-g130ae17fe5 (webtiles) character file.

Game seed: 5458724043033600401

1000 Avanven the Grappler (level 8, 0/74 HPs)
             Began as a Troll Monk on Nov 2, 2021.
             Slain by an orc wizard (3 damage)
             ... on level 6 of the Dungeon.
             The game lasted 00:04:42 (3466 turns).

Avanven the Grappler (Troll Monk)                   Turns: 3466, Time: 00:04:42

Health: 0/74       AC:  4    Str: 22    XL:     8   Next: 0%
Magic:  7/7        EV: 10    Int:  6    God:
Gold:   399        SH:  0    Dex: 12    Spells: 7/7 levels left

rFire   . . .      SeeInvis .     - Unarmed
rCold   + . .      Faith    .   (no shield)
rNeg    . . .      Spirit   .   a - +0 robe
rPois   .          Reflect  .   (helmet restricted)
rElec   .          Harm     .   (no cloak)
rCorr   .          Rampage  .   (gloves unavailable)
Will    .....                   (boots unavailable)
Stlth   ++........              (no amulet)
HPRegen 1.22/turn               g - ring of protection from cold
MPRegen 0.10/turn               (no ring)

@: lethally poisoned (0 -> -7), flying
A: large, unfitting armour, claws 3, regeneration 1, shaggy fur 1, tough skin 1
a: no special abilities


You were on level 6 of the Dungeon.
You visited 1 branch of the dungeon, and saw 6 of its levels.

You collected 399 gold pieces.

Inventory:

Armour
 a - a +0 robe (worn)
 o - a +0 buckler
Jewellery
 g - a ring of protection from cold (left claw)
 s - a ring of magical power
Wands
 r - a wand of digging (5)
Scrolls
 b - 4 scrolls of teleportation {unknown}
 c - 3 scrolls of fog {unknown}
 d - a scroll of immolation {unknown}
 e - 5 scrolls of identify {unknown}
 f - 2 scrolls of fear {unknown}
 j - 2 scrolls of brand weapon {unknown}
 n - a scroll of holy word {unknown}
 q - a scroll of amnesia {unknown}
 t - a scroll of vulnerability {unknown}
Potions
 k - 3 potions of flight
 l - a potion of resistance {unknown}
 m - a potion of haste {unknown}
 p - a potion of brilliance {unknown}


   Skills:
 - Level 2.4 Fighting
 - Level 2.4 Dodging
 - Level 1.0 Stealth
 * Level 9.8 Unarmed Combat


You had 7 spell levels left.
You didn't know any spells.
Your spell library contained the following spells:

 Spells                   Type           Power      Damage    Failure   Level
 Magic Dart               Conj           0%         1d3       45%         1
 Call Imp                 Summ           0%         N/A       58%         2
 Sublimation of Blood     Necr           0%         N/A       58%         2
 Conjure Flame            Conj/Fire      0%         6-21      83%         3
 Dazzling Flash           Conj/Hex       0%         N/A       83%         3
 Ignite Poison            Fire/Tmut/Pois 0%         N/A       83%         3
 Mephitic Cloud           Conj/Pois/Air  0%         N/A       83%         3
 Petrify                  Tmut/Erth      0%         N/A       99%         4
 Sticky Flame             Conj/Fire      0%         2d3       99%         4
 Agony                    Necr           0%         N/A       100%        5
 Alistair's Intoxication  Tmut/Pois      0%         N/A       100%        5
 Borgnjor's Vile Clutch   Necr/Erth      0%         N/A       100%        5
 Irradiate                Conj/Tmut      0%         3d13      100%        5
 Silence                  Hex/Air        0%         N/A       100%        5
 Eringya's Noxious Bog    Tmut/Pois      0%         N/A       100%        6


Dungeon Overview and Level Annotations

Branches:
Dungeon (6/15)
 Temple: D:4-7

Altars:
Gozag
Sif Muna
Uskayaw
Xom


Innate Abilities, Weirdness & Mutations

You are too large for most types of armour.
You have claws for hands.
Your natural rate of healing is unusually fast.
You are covered in fur. (AC +1)
You have tough skin. (AC +1)


Message History

You kill the orc priest!
You feel sick.
You feel sick. Something hits you.
You are more poisoned.
The orc priest begins to cast a cantrip, but forgets the words!
Items here: )) [[ ††.
You closely miss the orc priest. Your claw misses the orc priest.
You feel very sick. Something hits you.
You are more poisoned.
The orc priest calls down the wrath of Beogh upon you.
Beogh smites you!
You are too injured to fight recklessly!
You are too injured to fight recklessly!
You are too injured to fight recklessly!
You claw the orc priest!
You kill the orc priest!
You feel very sick. Something hits you.
* * * LOW HITPOINT WARNING * * *
You are lethally poisoned!
You have reached level 8!
It was a potion of flight.
You feel very buoyant.
You fly up into the air.
* * * LOW HITPOINT WARNING * * *
You feel extremely sick. Something hits you.
* * * LOW HITPOINT WARNING * * *
It was a potion of magic.
Magic courses through your body.
* * * LOW HITPOINT WARNING * * *
You feel very sick.
You hear some strange, mumbled words.
Something tries to affect you, but you resist.
It was a potion of mutation.
You feel extremely strange.
You feel genetically stable.
You feel genetically unstable.
* * * LOW HITPOINT WARNING * * *
You feel very sick. Something hits you.
You die...

#####))............#
.......###...##....#
.###...............##
....................#
####.#..............#
#.#..............#
#...............#
####.##.##...##.).##
.()).##.########@##
.###.##.# #.)#
.##..#..# #.##
..#.##.## ###.# #.#.#
###...# ### #...#
##.....##.... ##..#
##............ #....#
#?............ #.#.##
#.............


There were no monsters in sight!

Vanquished Creatures
  An orc warrior (D:6)
  A phantom (D:6)
  A bullfrog (D:6)
  A howler monkey (D:6)
  3 hounds
  2 jellies
  4 orc priests (D:6)
  A bullfrog skeleton (D:5)
  Jessica (D:3)
  2 iguanas
  2 orc wizards (D:6)
  2 hound zombies (D:5)
  A hound skeleton (D:4)
  Robin (D:2)
  14 adders
  2 white imps
  An ufetubus (D:3)
  An adder skeleton (D:5)
  2 worms (D:2)
  The ghost of paps the Sneak, a weakling OpDe (D:5)
  4 dart slugs
  5 orcs
  7 ball pythons
  6 endoplasms
  5 giant cockroaches
  13 goblins
  7 hobgoblins
  8 kobolds
  2 quokkas
  5 bats
  3 frilled lizards
  7 rats
116 creatures vanquished.

Vanquished Creatures (others)
  14 plants (D:6)
14 creatures vanquished.

Grand Total: 130 creatures vanquished

Notes
Turn   | Place    | Note
-------+----------+-------------------------------------------
     0 | D:1      | Avanven the Troll Monk began the quest for the Orb.
     0 | D:1      | Reached XP level 1. HP: 22/22 MP: 0/0
   145 | D:1      | Reached XP level 2. HP: 29/29 MP: 1/1
   241 | D:1      | Found a faded altar of an unknown god.
   254 | D:1      | Reached skill level 4 in Unarmed Combat
   780 | D:2      | Reached XP level 3. HP: 36/36 MP: 2/2
   894 | D:2      | Reached XP level 4. HP: 44/44 MP: 3/3
   896 | D:2      | Reached skill level 5 in Unarmed Combat
  1067 | D:2      | Noticed Robin
  1092 | D:2      | Killed Robin
  1627 | D:3      | Found a shimmering blue altar of Sif Muna.
  1771 | D:3      | Reached XP level 5. HP: 50/50 MP: 4/4
  1774 | D:3      | Found an opulent altar of Gozag.
  1799 | D:3      | Reached skill level 6 in Unarmed Combat
  1811 | D:3      | Found a hide-covered altar of Uskayaw.
  1906 | D:3      | Found a shimmering altar of Xom.
  1970 | D:3      | Noticed Jessica
  1978 | D:3      | Killed Jessica
  2590 | D:5      | Entered Level 5 of the Dungeon
  2597 | D:5      | Reached XP level 6. HP: 59/59 MP: 5/5
  2621 | D:5      | Reached skill level 7 in Unarmed Combat
  2809 | D:5      | Found a runed translucent door.
  2813 | D:5      | Noticed paps's ghost (weakling OpDe)
  2833 | D:5      | Killed paps's ghost
  3193 | D:5      | Reached skill level 8 in Unarmed Combat
  3267 | D:6      | Reached XP level 7. HP: 56/66 MP: 6/6
  3374 | D:6      | Reached skill level 9 in Unarmed Combat
  3464 | D:6      | Reached XP level 8. HP: 19/74 MP: 7/7
  3466 | D:6      | Gained mutation: You are somewhat resistant to further
                  | mutation. [potion of mutation]
  3466 | D:6      | Lost mutation: You are somewhat resistant to further
                  | mutation. [potion of mutation]
  3466 | D:6      | HP: 3/74 [poisoned by an orc wizard]
  3466 | D:6      | Slain by an orc wizard

Illustrated notes

Levels and vault maps discovered:
D:1:      tarquinn_simple_flora_water_b, layout_loops_ring,
          hellmonk_ecumenical_altar_pennies_from_heaven, minmay_tromino_v2
D:2:      minmay_inner_zag, layout_loops_ring, uniq_robin
D:3:      layout_basic, lemuel_round_altar, nicolae_uskayaw_dance_hall,
          nicolae_gozag_cash_rules_everything_around_me,
          nicolae_overflow_crystal_walls, grunt_decor_fettered, uniq_jessica
D:4:      layout_rooms
D:5:      layout_basic, ebering_ghost_sewer_d
D:6:      kennysheep_housing_project, layout_rooms, kennysheep_mini_moat,
          tso_oasis_becter

Skill      XL: |  1  2  3  4  5  6  7 |
---------------+----------------------+-----
Unarmed Combat | 4 5 6 8 9 |  9.8
Fighting       | |  2.4
Dodging        | |  2.4
Stealth        | |  1.0

Action                   |  1- 3 |  4- 6 |  7- 9 || total
-------------------------+-------+-------+-------++-------
Melee: Unarmed           |    71 |   194 |    39 ||   304
       Punch             |     1 |     6 |     2 ||     9
  Use: Potion            |       |       |     3 ||     3
 Stab: Sleeping          |     2 |     4 |       ||     6
Armor: Robe              |    29 |    51 |     6 ||    86
Dodge: Dodged            |    37 |    93 |     7 ||   137

Table legend: (Time is in decaauts)
 A = Elapsed time spent in this place.
 B = Non-inter-level travel time spent in this place.
 C = Inter-level travel time spent in this place.
 D = Time resting spent in this place.
 E = Time spent auto-exploring this place.
 F = Levels seen in this place.
 G = Mean time per level.
                   A        B        C        D        E       F      G
               +--------+--------+--------+--------+--------+-----+--------+
         Total |   3437 |   3329 |    108 |      0 |   2614 |   6 |  572.8 |
       Dungeon |   3437 |   3329 |    108 |      0 |   2614 |   6 |  572.8 |
               +--------+--------+--------+--------+--------+-----+--------+

Top non-repeatable levels by time:
     D:2: 820 daAuts
     D:1: 742 daAuts
     D:3: 689 daAuts
     D:5: 664 daAuts
     D:4: 321 daAuts
     D:6: 199 daAuts
